 Dungeon Crawl Stone Soup version 0.32-a0-779-g362cfcae2a (webtiles) character file.

Game seed: 13310931455545988878

1545 javelincjr the Summoner (level 8, -11/36 HPs)
             Began as a Tengu Summoner on Mar 19, 2024.
             Was a Follower of Hepliaklqana.
             Killed from afar by an acid dragon (30 damage)
             ... with a splash of acid
             ... on level 6 of the Dungeon.
             The game lasted 00:21:38 (6048 turns).

javelincjr the Summoner (Tengu Summoner)            Turns: 6048, Time: 00:21:38

Health: -11/36     AC:  5    Str:  8    XL:     8   Next: 87%
Magic:  9/18       EV: 22    Int: 19    God:    Hepliaklqana [*.....]
Gold:   235        SH:  0    Dex: 14    Spells: 13/19 levels left

rFire   + . .        i - +4 whip
rCold   . . .        (no shield)
rNeg    . . .        x - +2 robe {Will+}
rPois   .            (helmet restricted)
rElec   .            u - +0 cloak
rCorr   .            (no gloves)
SInv    .            (boots unavailable)
Will    +....        (no amulet)
Stlth   +++          h - +5 ring of evasion
HPRegen 0.26/turn    q - ring of protection from fire
MPRegen 0.16/turn

%: acrobat
@: flying, inugami summoned
A: reduced essence, beak, talons 3, evasive flight, acrobatic
a: Renounce Religion, Recall Ancestor, Ancestor Identity


You were on level 6 of the Dungeon.
You worshipped Hepliaklqana.
Hepliaklqana was aware of your devotion.
You visited 2 branches of the dungeon, and saw 7 of its levels.

You collected 257 gold pieces.
You spent 22 gold pieces at shops.

Inventory:

Hand Weapons
 c - a +0 dagger
 i - a +4 whip (weapon)
 n - a +1 dagger of speed
 A - a +1 trident of flaming
Missiles
 p - 3 boomerangs
 v - 6 javelins
 B - 4 poisoned darts
Armour
 a - a +0 robe
 u - a +0 cloak (worn)
 x - a +2 robe of willpower (worn)
Jewellery
 h - a +5 ring of evasion (left hand)
 q - a ring of protection from fire (right hand)
Wands
 w - a wand of charming (6)
Scrolls
 f - a scroll of noise {unknown}
 g - a scroll of teleportation {unknown}
 l - a scroll of fog {unknown}
 o - 2 scrolls of enchant weapon {unknown}
 y - a scroll of vulnerability {unknown}
 z - a scroll of enchant armour {unknown}
Potions
 b - a potion of magic
 d - a potion of resistance {unknown}
 e - 4 potions of curing
 j - a potion of might {unknown}
 k - 2 potions of haste
 m - 4 potions of heal wounds
 r - 2 potions of mutation {unknown}
 s - 2 potions of ambrosia {unknown}
 t - a potion of degeneration {unknown}


   Skills:
 + Level 5.0 Dodging
 + Level 5.1 Stealth
 * Level 6.0 Spellcasting
 * Level 9.0 Summonings


You had 13 spell levels left.
You knew the following spells:

 Your Spells              Type           Power      Damage    Failure   Level
a - Summon Small Mammal   Summ           100%       N/A       1%          1
b - Call Imp              Summ           80%        N/A       1%          2
c - Call Canine Familiar  Summ           40%        N/A       1%          3

Your spell library contained the following spells:

 Spells                   Type           Power      Damage    Failure   Level
 Scorch                   Fire           10%        2d5       17%         2
 Summon Blazeheart Golem  Fire/Summ      22%        N/A       17%         4
 Summon Lightning Spire   Summ/Air       22%        N/A       17%         4
 Frozen Ramparts          Ice            10%        1d2       32%         3
 Ozocubu's Armour         Ice            5%         N/A       32%         3
 Passwall                 Erth           5%         N/A       32%         3
 Volatile Blastmotes      Fire/Tloc      10%        2d10      32%         3
 Summon Cactus Giant      Summ           20%        N/A       38%         6
 Flame Wave               Conj/Fire      5%         2d5       73%         4
 Metabolic Englaciation   Hex/Ice        2%         N/A       97%         5
 Bombard                  Conj/Erth      2%         9d1       100%        6


Dungeon Overview and Level Annotations

Branches:
Dungeon (6/15)             Temple (1/1) D:5

Altars:
Ashenzari
Cheibriados
Dithmenos
Elyvilon
Hepliaklqana
Kikubaaqudgha
Nemelex Xobeh
Okawaru
Qazlal
Ru
Sif Muna
Trog
Uskayaw
Vehumet
Wu Jian
Xom
Yredelemnul
Zin
The Shining One

Shops:
D:3 ?

Annotations:
D:6 2 runed translucent doors, sychorax's ghost, novice OpEE


Innate Abilities, Weirdness & Mutations

Your life essence is reduced to manifest your ancestor. (-10% HP)
You have a beak for a mouth.
You have claws for feet.
Your magical flight helps you evade attacks. (EV +4)
You can magically evade attacks while moving or waiting.


Message History

Your bat barely misses the ice beast.
Your bat hits the ice beast but does no damage.
The acid dragon bites you. The acid dragon misses you.
A wight comes into view. It is wielding a +2 great sword.
Your bat hits the ice beast but does no damage.
Casting: Call Canine Familiar (safe; 1% risk of failure)
Confirm with . or Enter, or press ? or * to list all spells.
A tiny devil pulls itself out of the air.
Your bat barely misses the ice beast.
Your rat barely misses the acid dragon.
The wight hits your rat with a +2 great sword!
Your rat dies!
Your rat's corpse disappears in a puff of smoke!
The ice beast closely misses you. The acid dragon spits acid at you.
The splash of acid hits you!
Your bat hits the ice beast.
Your inugami completely misses the ice beast.
You hear a shout!
You hear a bark!
Your bat closely misses the acid dragon.
Your bat barely misses the ice beast.
The ice beast closely misses your inugami.
Your inugami hits the ice beast!
Your cerulean imp barely misses the ice beast.
Your bat closely misses the ice beast.
The ice beast hits your inugami but does no damage.
The acid dragon attacks as it pursues you!
The acid dragon completely misses you. The acid dragon closely misses you.
Your inugami hits the ice beast but does no damage.
Your cerulean imp misses the ice beast.
You hit the acid dragon. You claw the acid dragon!
The acid dragon is almost dead.
Your bat closely misses the acid dragon. x2
The ice beast closely misses your inugami.
The wight hits your bat with a +2 great sword!
Your bat dies!
Your bat's corpse disappears in a puff of smoke!
The acid dragon spits acid at you. The splash of acid hits you!!
Ouch! That really hurt!
You die...
Hepliaklqana delivers you to your ancestors.

#...##..#.....##
..#...##..#.....##
.....#..'.......
###.†#..#.....##
##...†...#######.
#[...#.........##
#....#.........#.
####...##.#.########
##.D@####..#.# #..
#.§h5# ...+.. +.#
#zY..# #...#... # .
#.....## ....#.##.
.. ###.### #.. #.
... #. .... #. ...
## '####


You could see an acid dragon (catching breath), an ice beast (ally target), a
wight, a friendly cerulean imp (summoned) and a friendly inugami (summoned).

Vanquished Creatures
  A phantom (D:6)
  A bullfrog (D:6)
  A scorpion (D:6)
  2 hounds
  3 iguanas
  A sleepcap (D:6)
  A ribbon worm (D:2)
  2 dart slugs (D:2)
  An orc (D:6)
  2 bats (D:1)
  A goblin (D:1)
  3 hobgoblins
  A kobold (D:2)
  2 rats
22 creatures vanquished.

Vanquished Creatures (collateral kills)
  Sigmund (D:5)
  Menkaure (D:5)
  A water moccasin (D:6)
  An ogre (D:4)
  A sky beast (D:6)
  A phantom (D:5)
  A bullfrog (D:6)
  2 scorpions
  A howler monkey (D:4)
  A jelly (D:5)
  2 hounds
  An orc priest (D:5)
  2 iguanas (D:5)
  A sleepcap (D:6)
  An orc wizard (D:4)
  4 adders
  A shadow imp (D:6)
  2 white imps
  3 dart slugs
  2 ribbon worms
  10 orcs
  An endoplasm (D:4)
  2 giant cockroaches
  5 goblins
  A hobgoblin (D:4)
  2 kobolds (D:3)
  3 ball pythons
54 creatures vanquished.

Vanquished Creatures (others)
  An ancestor (D:6)
1 creature vanquished.

Grand Total: 77 creatures vanquished

Notes
Turn   | Place    | Note
-------+----------+-------------------------------------------
     0 | D:1      | javelincjr the Tengu Summoner began the quest for the Orb.
     0 | D:1      | Reached XP level 1. HP: 10/10 MP: 4/4
   494 | D:1      | Reached skill level 5 in Summonings
   887 | D:2      | Reached XP level 2. HP: 15/15 MP: 6/6
  1110 | D:2      | Reached XP level 3. HP: 19/19 MP: 7/7
  1643 | D:3      | Noticed a scorpion
  1668 | D:3      | Learned a level 2 spell: Call Imp
  1719 | D:3      | Learned a level 3 spell: Call Canine Familiar
  1836 | D:3      | Found a bloodstained altar of Trog.
  1846 | D:3      | Reached XP level 4. HP: 24/24 MP: 3/9
  2114 | D:3      | Found Lewnor's Magic Scroll Shop.
  2119 | D:3      | Bought a scroll of identify for 22 gold pieces
  2216 | D:3      | Killed a scorpion
  2217 | D:3      | Reached XP level 5. HP: 28/28 MP: 2/10
  2614 | D:4      | Noticed an ogre
  2625 | D:4      | Killed an ogre
  2626 | D:4      | Reached skill level 6 in Summonings
  2798 | D:4      | Reached XP level 6. HP: 30/32 MP: 5/12
  2885 | D:4      | Found a sacrificial altar of Ru.
  3674 | D:4      | Found a white marble altar of Elyvilon.
  3678 | D:4      | Found an ancient bone altar of Kikubaaqudgha.
  3766 | D:4      | Found a hazy altar of Hepliaklqana.
  3821 | D:5      | Entered Level 5 of the Dungeon
  3843 | D:5      | Noticed Sigmund
  4150 | D:5      | Gained mutation: Your magical flight helps you evade
                  | attacks. (EV +4) [Tengu growth]
  4150 | D:5      | Reached XP level 7. HP: 36/36 MP: 2/14
  4248 | D:5      | Reached skill level 7 in Summonings
  4460 | D:5      | Found a staircase to the Ecumenical Temple.
  4585 | Temple   | Entered the Ecumenical Temple
  4742 | D:4      | Became a worshipper of Hepliaklqana the Forgotten
  4877 | D:5      | Noticed Menkaure
  4898 | D:5      | Killed Sigmund
  4905 | D:5      | Killed Menkaure
  5067 | D:5      | Found a sparkling altar of Nemelex Xobeh.
  5091 | D:5      | Reached skill level 5 in Spellcasting
  5214 | D:5      | Reached XP level 8. HP: 41/41 MP: 10/16
  5457 | D:6      | Found a broken altar of Ashenzari.
  5467 | D:6      | Reached skill level 8 in Summonings
  5598 | D:6      | Found a large runed translucent door.
  5598 | D:6      | Found a large runed translucent door.
  5639 | D:6      | Noticed sychorax's ghost (novice OpEE)
  5665 | D:6      | Reached * piety under Hepliaklqana
  6014 | D:6      | Reached skill level 5 in Stealth
  6021 | D:6      | Reached skill level 5 in Dodging
  6021 | D:6      | Reached skill level 9 in Summonings
  6048 | D:6      | Killed from afar by an acid dragon

Illustrated notes

Levels and vault maps discovered:
D:1:      sevenhm_arrival_forest_fort_large_4, layout_loops_ring
D:2:      layout_basic
D:3:      layout_loops_cross, mainiacjoe_overflow_catwalk, serial_shops,
          nicolae_shop_behind_doors
D:4:      layout_loops_ring, lemuel_round_altar, lemuel_crystal_altar,
          minitemple, kennysheep_generic_room_3
D:5:      layout_basic, nemelex_diamond_rough_becter,
          minmay_temple_entry_glassed_door, st_stairs_11, uniq_sigmund,
          uniq_menkaure
D:6:      layout_gridville, ashenzari_altar_1, ebering_ghost_disaster_area,
          dreamdust_mushroom_princess, st_stairs_4, minmay_bent
Temple:   nicolae_temple_slightly_damp_pantheon

Skill      XL: |  1  2  3  4  5  6  7  8 |
---------------+-------------------------+-----
Summonings     | 5 6 7 9 |  9.0
Spellcasting   | 3 4 5 6 |  6.0
Dodging        | 3 4 5 |  5.0
Stealth        | 3 4 5 |  5.1

Action                     |  1- 3 |  4- 6 |  7- 9 || total
---------------------------+-------+-------+-------++-------
  Melee: Dagger            |    14 |       |       ||    14
         Peck              |     5 |     1 |    16 ||    22
         Whip              |    18 |     7 |    76 ||   101
         Kick              |     5 |     1 |    27 ||    33
   Cast: Summon Small Mamm |    42 |    17 |     9 ||    68
         Call Imp          |     3 |    20 |    15 ||    38
         Call Canine Famil |     2 |    18 |    17 ||    37
    Use: Scroll            |       |     3 |       ||     3
   Stab: Sleeping          |       |       |     2 ||     2
 Armour: Robe              |    10 |     7 |    28 ||    45
  Dodge: Dodged            |    29 |    19 |    83 ||   131

Table legend: (Time is in decaauts)
 A = Elapsed time spent in this place.
 B = Non-inter-level travel time spent in this place.
 C = Inter-level travel time spent in this place.
 D = Time resting spent in this place.
 E = Time spent auto-exploring this place.
 F = Levels seen in this place.
 G = Mean time per level.
                   A        B        C        D        E       F      G
               +--------+--------+--------+--------+--------+-----+--------+
         Total |   6056 |   5698 |    358 |    141 |   4499 |   7 |  865.1 |
       Dungeon |   5975 |   5629 |    346 |    141 |   4499 |   6 |  995.8 |
        Temple |     80 |     68 |     12 |      0 |      0 |   1 |   80.0 |
               +--------+--------+--------+--------+--------+-----+--------+

Top non-repeatable levels by time:
     D:4: 1399 daAuts
     D:5: 1318 daAuts
     D:3: 928 daAuts
     D:1: 853 daAuts
     D:2: 820 daAuts
     D:6: 655 daAuts
  Temple: 80 daAuts
